[Event "Plancoet op-A 10th"]
[Site "Plancoet"]
[Date "2013.08.01"]
[Round "7"]
[White "Guliyev, Namig"]
[Black "Manea, Alexandru"]
[Result "1/2-1/2"]
[ECO "B47"]
[WhiteElo "2569"]
[BlackElo "2389"]
[Annotator "RR"]
[PlyCount "95"]
[EventDate "2013.07.28"]
[EventType "swiss"]
[EventRounds "9"]
[EventCountry "FRA"]
[SourceTitle "EXT 2017"]
[Source "ChessBase"]
[SourceDate "2016.10.25"]
[SourceVersion "1"]
[SourceVersionDate "2016.10.25"]
[SourceQuality "1"]
[TimeControl "40/5400+30:1800+30"]

1. e4 c5 2. Nf3 e6 3. d4 cxd4 4. Nxd4 Nc6 5. Nc3 Qc7 6. f4 {Une variante
agressive} Nxd4 (6... a6 7. Be3 b5 8. Bd3 b4 9. Na4 Bb7 10. Qe2 Nf6 11. Nb3 d6
12. O-O-O Be7 13. Kb1 Nd7 14. Qf2 O-O 15. g4 a5 16. g5 Ba6 17. Nc1 Bxd3 18.
Nxd3 f5 19. Qg2 Rac8 20. exf5 Rxf5 21. Rhe1 Nd8 22. b3 Qc6 23. Qe2 Nf7 24. h4
e5 25. Bc1 Bf8 26. Bb2 exf4 27. Qe6 g6 28. c3 f3 29. Rc1 Qd5 30. Qe3 Nfe5 31.
Nf2 h5 32. gxh6 Kh7 33. Rcd1 Qc6 34. c4 Bxh6 35. Qd4 Bg7 36. Ne4 {Shomoev,A 
(2543)-Morozevich,A (2758) Loo 2013 1/2-1/2}) 7. Qxd4 b6 8. Bd2 Bb7 9. O-O-O
$146 (9. Nb5 Qb8 10. Bd3 a6 11. Nc3 Qc7 12. Qf2 b5 13. e5 f5 14. O-O-O Bc5 15.
Be3 Rc8 16. Bxc5 Qxc5 17. Qg3 Ne7 18. Qxg7 Rg8 19. Qxh7 Qe3+ 20. Kb1 Qxf4 21.
Be2 Qxe5 22. Qh5+ Rg6 23. Bf3 Bxf3 24. gxf3 Kd8 25. Rhe1 Qf4 26. Qh8+ Kc7 27.
Qh7 Qg5 28. Qh3 b4 29. f4 Qxf4 30. Ne2 Qc4 31. Qe3 Nd5 32. Qa7+ Kd8 33. Nd4 Rg4
34. h3 Re4 35. Rxe4 fxe4 36. Rg1 Ke7 37. b3 Qc3 {0-1 (37) Justesen,A (2209)
-Van Damme,L (2265) ICCF email 2009}) 9... Nf6 10. e5 Nd5 11. Nxd5 Bxd5 12. Kb1
Qc6 (12... Rc8 $132) 13. Be3 Rc8 14. Qd2 Bb4 $132 15. Qf2 Qa4 16. b3 Qa5 17. c4
Bc6 18. Bd3 g6 19. Rhg1 {Empêche le oo des Noirs qui serait trop risqué} Bc5
20. g4 Bxe3 21. Qxe3 Qc5 22. Qe2 h5 (22... a6 $5 ) 23. gxh5 gxh5
24. Rg5 h4 25. Rg7 a5 26. f5 a4 27. fxe6 dxe6 $2 28. Rf1 $2 (28. Rxf7 $3 Kxf7
29. Qf1+ Ke7 (29... Kg8 30. Qf6 Rc7 31. Qxe6+ Rf7 32. Bg6 Qf2
33. Bxf7+ Qxf7 34. Rg1+) 30. Qf6+ Kd7 31. Qf7+ Qe7 32. Bf5+) 28... Rc7 29. Rf6
Re7 30. Be4 Rf8 31. Rg4 axb3 32. axb3 Ra7 33. Bxc6+ Qxc6 34. Rxh4 $4 {Après
avoir raté le gain, le GMI risque maintenant de perdre!} Qa8 35. Qb2 Qh1+ 36.
Kc2 Rg8 $4 (36... Rd7 {[%csl Rc2] Une précaution importante pour couper le R
Blanc} 37. Kc3 Qe1+) 37. Rf2 Qe1 38. Rhf4 $2 (38. Kd3 $8 Rd7+ 39. Rd4 $13)
38... Rg4 $1 39. Qb1 Qe3 40. R4f3 Qxe5 $2 (40... Qe4+ 41. Kb2 Qd4+ 42. Kc2 Rg1
$1 43. Qxg1 Ra2+ 44. Kb1 Qa1#) 41. Qb2 Qe4+ 42. Rd3 Rd7 43. Qh8+ Ke7 44. Qf6+
Ke8 45. Qh8+ Ke7 46. Qf6+ Ke8 47. Qh8+ Ke7 48. Qf6+ 1/2-1/2